 Dungeon Crawl Stone Soup version 0.30-b1-5-g8e6c1be481 (webtiles) character file.

Game seed: 12252486777248577955

57 tizbic2 the Trooper (level 4, 0/49 HPs)
             Began as an Ogre Fighter on May 4, 2023.
             Succumbed to an adder's poison
             ... on level 2 of the Dungeon.
             The game lasted 00:03:59 (910 turns).

tizbic2 the Trooper (Ogre Fighter)                   Turns: 910, Time: 00:04:00

Health: 0/49       AC:  3    Str: 22    XL:     4   Next: 0%
Magic:  4/4        EV:  8    Int:  9    God:
Gold:   97         SH:  7    Dex:  8    Spells: 3/3 levels left

rFire   . .          .
                       - Unarmed
rCold   . . .        b - +0 kite shield
rNeg    . . .        a - +0 robe
rPois   .            (helmet restricted)
rElec   .            (no cloak)
rCorr   .            (gloves unavailable)
SInv    .            (boots unavailable)
Will    .....        (no amulet)
Stlth   +            (no ring)
HPRegen 0.28/turn    (no ring)
MPRegen 0.09/turn

%: no passive effects
@: mighty, lethally poisoned (0 -> -1)
A: large, unfitting armour, tough skin 1
a: no special abilities


You were on level 2 of the Dungeon.
You visited 1 branch of the dungeon, and saw 2 of its levels.

You collected 97 gold pieces.

Inventory:

Missiles
 e - 5 stones (quivered)
Armour
 a - a +0 robe (worn)
 b - a +0 kite shield (worn)
Scrolls
 d - a scroll of fog {unknown}
 f - a scroll of teleportation {unknown}
 g - a scroll of identify {unknown}
Potions
 c - a potion of might


   Skills:
 * Level 4.8 Fighting
 + Level 3.0 Dodging
 + Level 3.3 Shields
 * Level 2.5 Unarmed Combat


You had 3 spell levels left.
You didn't know any spells.
Your spell library was empty.

Dungeon Overview and Level Annotations

Branches:
Dungeon (2/15)

Altars:

Shops:
D:2 =


Innate Abilities, Weirdness & Mutations

You are too large for most types of armour.
You have tough skin. (AC +1)


Message History

The adder is heavily wounded.
The adder barely misses you.
The ball python bites you but does no damage.
The adder bites you.
You barely miss the adder.
The adder is heavily wounded.
The ball python barely misses you. The adder bites you.
* * * LOW HITPOINT WARNING * * *
You are poisoned.
The adder poisons you!
You feel very mighty all of a sudden.
You feel sick. The ball python closely misses you. The adder bites you.
* * * LOW HITPOINT WARNING * * *
The ball python barely misses you.
You closely miss the adder.
The adder is heavily wounded.
You feel sick. The adder bites you.
* * * LOW HITPOINT WARNING * * *
You are more poisoned.
The adder poisons you! The ball python bites you.
* * * LOW HITPOINT WARNING * * *
You block the adder's attack.
You punch the adder!
You kill the adder!
* * * LOW HITPOINT WARNING * * *
You feel sick. The ball python bites you.
* * * LOW HITPOINT WARNING * * *
You barely miss the ball python.
* * * LOW HITPOINT WARNING * * *
You feel sick. The ball python closely misses you.
You punch the ball python!
You kill the ball python!
* * * LOW HITPOINT WARNING * * *
You feel sick.
You have reached level 4!
* * * LOW HITPOINT WARNING * * *
You feel sick.
* * * LOW HITPOINT WARNING * * *
You feel sick.
You die...

#....................
###.####.#............
......................
...#########..........
.................... .
.>..#.....†......#
...##
#...............#
#..<.##...†.......##..
#...@..............
#..###...........## ##
#..........##
.(...........#
....##.......## ##..
....##.## .......#.#
.# .##......# ##
#.###..#


There were no monsters in sight!

Vanquished Creatures
  An adder (D:2)
  A dart slug (D:1)
  4 bats (D:1)
  4 endoplasms (D:1)
  2 giant cockroaches
  6 goblins (D:1)
  8 hobgoblins (D:1)
  2 jackals (D:1)
  4 quokkas (D:1)
  A ball python (D:2)
  2 frilled lizards (D:1)
  2 kobolds (D:1)
  3 rats
40 creatures vanquished.

Notes
Turn   | Place    | Note
-------+----------+-------------------------------------------
     0 | D:1      | tizbic2 the Ogre Fighter began the quest for the Orb.
     0 | D:1      | Reached XP level 1. HP: 24/24 MP: 1/1
   118 | D:1      | Reached XP level 2. HP: 32/32 MP: 2/2
   283 | D:1      | Reached XP level 3. HP: 15/40 MP: 3/3
   864 | D:2      | Found Huyrr's Jewellery Emporium.
   907 | D:2      | HP: 2/41 [poisoned by an adder]
   908 | D:2      | Reached XP level 4. HP: 2/49 MP: 4/4
   910 | D:2      | Succumbed to an adder's poison

Illustrated notes

Levels and vault maps discovered:
D:1:      grunt_arrival_lava_bath, layout_basic
D:2:      layout_rooms, serial_shops, shop,
          dreamdust_ecumenical_altar_angels_and_demons

Skill      XL: |  1  2  3 |
---------------+----------+-----
Unarmed Combat | 2 |  2.5
Dodging        | 3 |  3.0
Fighting       | |  4.8
Shields        | |  3.3

Action                     |  1- 3 |  4- 6 || total
---------------------------+-------+-------++-------
  Melee: Unarmed           |   168 |       ||   168
  Throw: Stone             |     3 |       ||     3
    Use: Scroll            |     1 |       ||     1
         Potion            |     1 |       ||     1
 Armour: Robe              |    63 |       ||    63
  Dodge: Dodged            |    80 |       ||    80
  Block: Kite shield       |    57 |       ||    57
